Map: King Sejong Station LE

Players

Nickos - Winner!

  • Race: Terran Terran
  • League: Gold

Yogurt

  • Race: Zerg Zerg
  • League: Gold

VOD

Have the link to the VOD?

Description

Time

  • Played on: Sept. 27, 2016, 1:04 a.m.
  • Length: 11:08
Show
View Real Time Build Order
Export as new Build Order

Nickos Terran - Winner!

Build Orders:  

Get SALT Encoding   

  12  0:01  SCV  
  13  0:13  SCV  
  14  0:17  Supply Depot  
  14  0:25  SCV  
  15  0:38  SCV  
  15  0:39  Barracks  
  16  0:51  SCV  
  17  1:03  SCV  
  18  1:15  SCV  
  19  1:24  Command Center  
  19  1:28  Marine  
  20  1:34  Orbital Command  
  20  1:48  Barracks, Marine  
  21  1:58  Supply Depot  
  21  2:00  SCV  
  22  2:06  Marine  
  23  2:19  SCV  
  23  2:21  Barracks  
  23  2:24  Marine  
  24  2:31  SCV  
  25  2:37  Bunker  
  25  2:41  Orbital Command, Marine  
  25  2:44  SCV  
  27  2:47  Marine  
  28  2:56  Refinery, SCV  
  28  2:57  Refinery  
  29  3:00  Marine  
  29  3:04  Marine  
  31  3:10  SCV x2  
  33  3:18  Supply Depot  
  33  3:22  SCV x2  
  35  3:33  Barracks Tech Lab  
  35  3:34  SCV x2  
  35  3:35  Barracks Reactor  
  37  3:46  Supply Depot  
  37  3:50  Engineering Bay  
  37  3:51  Engineering Bay  
  37  3:56  SCV x2  
  37  3:57  Factory  
  39  4:05  Barracks Reactor  
  39  4:08  SCV x2  
  41  4:17  Refinery  
  41  4:20  SCV x2  
  42  4:24  Marine  
  42  4:25  Marine  
  44  4:32  SCV  
  44  4:33  Terran Infantry Weapons Level 1, Supply Depot, SCV  
  46  4:40  Barracks  
  46  4:41  Barracks  
  46  4:42  Factory Reactor  
  46  4:44  Supply Depot  
  46  4:50  Starport, Marine  
  46  4:52  Marine  
  48  4:59  Bunker, Marine  
  49  5:00  Supply Depot  
  49  5:05  Marine x2  
  51  5:07  SCV  
  51  5:08  SCV  
  53  5:19  SCV  
  53  5:20  SCV  
  55  5:26  Supply Depot  
  55  5:27  Marine x2  
  57  5:33  SCV  
  57  5:34  SCV  
  57  5:35  Terran Infantry Armor Level 1  
  59  5:41  Barracks  
  59  5:43  Barracks Tech Lab x2  
  59  5:50  Marine  
  59  5:51  Marine x3  
  59  5:52  Marauder  
  59  5:53  Medivac  
  67  6:00  SCV x2  
  69  6:06  Armory, Command Center  
  69  6:07  Marauder x2  
  69  6:11  Marine x4  
  73  6:12  SCV x2  
  73  6:13  Widow Mine, Marauder  
  83  6:23  Stimpack  
  52  6:45  Marine x2  
  52  6:46  Marine x5  
  58  6:47  Marine  
  58  6:50  SCV x2  
  61  6:57  Supply Depot  
  61  7:02  SCV x2  
  61  7:03  Marine  
  61  7:05  Marauder x2  
  61  7:07  Marine  
  69  7:10  Marine  
  69  7:11  Supply Depot  
  69  7:13  Supply Depot  
  70  7:16  Marine  
  70  7:17  Barracks Tech Lab, Supply Depot  
  70  7:19  Marauder  
  73  7:23  Orbital Command  
  73  7:29  Terran Infantry Weapons Level 2  
  73  7:31  Marine  
  74  7:41  Marine x4  
  78  7:46  SCV x2  
  78  7:47  Marauder  
  82  7:55  Marine  
  82  7:56  Marine x2  
  85  8:08  Bunker  
  85  8:09  Marauder x2  
  85  8:10  Marine  
  85  8:11  Marine  
  91  8:19  Marauder  
  95  8:20  Marauder  
  95  8:31  Marauder  
  80  8:40  Marine x4  
  80  8:41  Marine x3  
  87  8:51  Marine  
  88  8:58  Marine x3  
  91  9:04  Marine x2  
  91  9:05  Marine x2  
  91  9:09  Marine  
  93  9:15  Marine  
  93  9:16  Marine x2  
  92  9:23  Marauder  
  93  9:28  Marauder x2  
  97  9:33  Marine x3  
  97  9:37  Marine x2  
  102  9:47  Marine  
  102  9:49  Marine  
  102  9:51  Missile Turret  
  96  9:54  Marine x3  
  96  9:55  Marine  
  96  10:01  Marine  
  96  10:03  Marine  
  76  10:16  Marine  
  76  10:17  Marine x2  
  76  10:19  Marine  
  76  10:20  Marine x2  
  75  10:25  Marine  
  59  10:39  Marine  
Show
View Real Time Build Order
Export as new Build Order

Yogurt Zerg 

Build Orders: Pool First, Muta Ling Bane 

Get SALT Encoding   

  12  0:10  Overlord  
  12  0:12  Drone  
  13  0:17  Drone  
  14  0:28  Drone  
  14  0:32  Drone  
  16  0:45  Spawning Pool  
  16  0:46  Drone  
  16  0:53  Drone  
  17  1:05  Drone  
  18  1:15  Drone  
  19  1:32  Queen  
  19  1:33  Overlord  
  19  1:36  Hatchery  
  20  1:45  Zergling x2  
  21  1:48  Zergling x2  
  22  1:57  Extractor  
  22  1:58  Zergling x2  
  22  2:17  Extractor  
  21  2:24  Drone x2  
  23  2:33  Zergling x2  
  24  2:41  Drone  
  25  2:45  Zergling x6  
  25  2:48  Zergling x2  
  29  2:57  Queen  
  31  3:01  Drone  
  31  3:03  Metabolic Boost  
  32  3:07  Baneling Nest  
  32  3:09  Drone  
  32  3:10  Drone  
  33  3:16  Drone x2  
  33  3:17  Overlord x2  
  35  3:28  Lair  
  35  3:32  Drone  
  36  3:36  Overlord  
  36  3:39  Zergling x2  
  37  3:48  Drone  
  37  3:49  Zergling x4  
  37  3:55  Zergling x4  
  42  3:59  Drone x2  
  44  4:15  Drone x3  
  44  4:16  Drone  
  48  4:38  Centrifical Hooks  
  48  4:43  Drone x2  
  48  4:44  Spire  
  48  4:45  Extractor  
  48  4:47  Extractor  
  47  5:04  Zergling x2  
  47  5:05  Zergling x8  
  51  5:09  Drone x3  
  54  5:25  Baneling x6  
  54  5:26  Baneling x6  
  54  5:29  Drone x2  
  54  5:32  Drone  
  57  5:36  Zergling x6  
  57  5:37  Overlord  
  57  5:40  Overlord  
  57  5:42  Overlord x2  
  60  5:49  Baneling  
  60  5:50  Baneling x7  
  60  5:51  Baneling  
  60  5:53  Baneling  
  60  5:56  Baneling  
  60  6:00  Zergling x4  
  60  6:01  Zergling x4  
  64  6:11  Zergling x2  
  53  6:37  Zergling x10  
  53  6:38  Zergling x8  
  53  6:39  Zergling x4  
  56  6:56  Baneling  
  56  6:57  Baneling x9  
  56  6:58  Baneling  
  56  6:59  Baneling x11  
  56  7:05  Mutalisk x2  
  60  7:18  Mutalisk  
  60  7:20  Zergling x6  
  60  7:22  Drone x2  
  67  7:23  Drone  
  67  7:29  Zergling x2  
  69  7:39  Drone x2  
  69  7:40  Drone  
  72  7:45  Mutalisk x3  
  72  7:47  Overlord  
  78  7:56  Zergling x2  
  79  7:59  Baneling x5  
  79  8:00  Baneling  
  79  8:15  Hatchery, Mutalisk x2  
  82  8:22  Zergling x6  
  85  8:33  Mutalisk  
  73  8:51  Roach Warren  
  73  8:53  Drone x2  
  73  8:55  Evolution Chamber  
  66  9:31  Roach x4  
  66  9:32  Roach x2  
  66  9:35  Drone  
  77  9:48  Roach  
  77  9:49  Roach x5  
  77  9:50  Roach x2  
  53  10:17  Roach x3  
  53  10:18  Roach x5  
  12  10:53  Drone x3  
Tags
 
Add a new tag
Caveats
  • Supply blocks, unpowered buildings, or Contaminate may cause inaccurate times.
  • Supply counts are checked every 10 seconds.